NYP
MINNESOTA (NYP) TWINS @ TRI-CITY VALLEYCATS
08/04/2045
 
TOP OF THE 1ST
Minnesota (NYP) Twins batting - Pitching for Tri-City ValleyCats : RHP Arsène Serre
Pitching: RHP Arsène Serre
Batting: LHB Chris Munguia 0-0: Foul Ball, location: 2F
0-1: Ground out 5-3 (Groundball, 56S, EV 70.0 MPH)
Batting: RHB Sean Gould 0-0: Foul Ball, location: 2F
0-1: Swinging Strike
0-2: Fly out, F5 (Popup, 25F, EV 81.9 MPH)
Batting: SHB Ian Thompson 0-0: Foul Ball, location: 2F
0-1: Ball
1-1: Foul Ball, location: 2F
1-2: Ground out 5-3 (Groundball, 5, EV 85.6 MPH)
Top of the 1st over - 0 runs, 0 hits, 0 errors, 0 left on base; Minnesota (NYP) 0 - Tri-City 0
BOTTOM OF THE 1ST
Tri-City ValleyCats batting - Pitching for Minnesota (NYP) Twins : RHP Felix Perez
Pitching: RHP Felix Perez
Batting: RHB Jorge Gutierrez 0-0: Ball
1-0: Called Strike
1-1: SINGLE (Groundball, 56S, EV 75.0 MPH) (infield hit)
Batting: RHB Sam Spohn 0-0: Ball
1-0: Ball
2-0: Called Strike
2-1: Fly out, F8 (Flyball, 89D, EV 96.9 MPH)
Batting: LHB Bob Dietz 0-0: Called Strike
0-1: Ball
1-1: Called Strike
Jorge Gutierrez steals 2nd base (no throw)
1-2: Foul Ball, location: 2F
1-2: Ball
2-2: Foul Ball, location: 2F
2-2: Ball
3-2: Base on Balls
Batting: RHB Chris McGrath 0-0: Reached on error, E2 (Groundball, 15S, EV 70.0 MPH)
Jorge Gutierrez scores
Bob Dietz to third
Batting: RHB Masaru Konno 0-0: Called Strike
0-1: Foul Ball, location: 2F
0-2: Strikes out looking
Batting: LHB Jackson Trottier 0-0: Ground out 6-3 (Groundball, 6M, EV 103.8 MPH)
Bottom of the 1st over - 1 run, 1 hit, 1 error, 2 left on base; Minnesota (NYP) 0 - Tri-City 1
TOP OF THE 2ND
Minnesota (NYP) Twins batting - Pitching for Tri-City ValleyCats : RHP Arsène Serre
Batting: RHB Michael McDonald 0-0: Called Strike
0-1: Ball
1-1: Foul Ball, location: 2F
1-2: Ball
2-2: Foul Ball, location: 2F
2-2: SINGLE (Groundball, 34D, EV 96.2 MPH)
Batting: RHB Tony Crespo 0-0: SINGLE (Groundball, 34D, EV 95.6 MPH) (infield hit)
Michael McDonald to second
Batting: LHB Seung-jun Chang 0-0: Called Strike
0-1: Ball
1-1: Ball
2-1: Foul Ball, location: 2F
2-2: Foul Ball, location: 2F
2-2: Fly out, F7 (Flyball, 7S, EV 88.8 MPH)
Batting: RHB Willie Jimenez 0-0: SINGLE (Groundball, 56D, EV 103.1 MPH)
Michael McDonald to third
Tony Crespo to second
Runner from 3rd tries for Home, SAFE, throw by LF to home
Batting: SHB Donell Burney 0-0: Fielders Choice at 2nd, 4-6 (Groundball, 4, EV 83.8 MPH)
Tony Crespo to third
Batting: RHB Alex Loaiza 0-0: Ball
1-0: Foul Ball, location: 2F
1-1: Fly out, F3 (Popup, 3SF, EV 80.6 MPH)
Top of the 2nd over - 1 run, 3 hits, 0 errors, 2 left on base; Minnesota (NYP) 1 - Tri-City 1
BOTTOM OF THE 2ND
Tri-City ValleyCats batting - Pitching for Minnesota (NYP) Twins : RHP Felix Perez
Batting: RHB Workneh Lagat 0-0: Called Strike
0-1: Ball
1-1: Ball
2-1: Ball
3-1: Swinging Strike
3-2: TRIPLE (Groundball, 3L, EV 103.8 MPH)
Batting: RHB Bobby Dunn 0-0: Ball
1-0: Foul Ball, location: 2F
1-1: SINGLE (Line Drive, 8LS, EV 104.4 MPH)
Workneh Lagat scores
Batting: RHB Mike Koch 0-0: Fielders Choice at 2nd, 1-6 (Groundball, 13S, EV 65.0 MPH)
Batting: RHB Jorge Gutierrez 0-0: Ball
1-0: Ground out 5-3 (Groundball, 56S, EV 72.5 MPH)
Mike Koch to second
Batting: RHB Sam Spohn 0-0: Ball
1-0: Ground out 5-3 (Groundball, 56S, EV 93.1 MPH)
Bottom of the 2nd over - 1 run, 2 hits, 0 errors, 1 left on base; Minnesota (NYP) 1 - Tri-City 2
TOP OF THE 3RD
Minnesota (NYP) Twins batting - Pitching for Tri-City ValleyCats : RHP Arsène Serre
Batting: LHB Chris Munguia 0-0: Called Strike
0-1: SINGLE (Flyball, 6D, EV 95.0 MPH)
Batting: RHB Sean Gould 0-0: Ball
1-0: Ball
2-0: Foul Ball, location: 2F
2-1: Fly out, F7 (Flyball, 7D, EV 90.6 MPH)
Runner from 1st tags up, SAFE at 2nd
Batting: SHB Ian Thompson 0-0: Ball
1-0: Ball
2-0: Ball
3-0: Base on Balls
Batting: RHB Michael McDonald 0-0: Ball
Chris Munguia steals 3rd base
1-0: Called Strike
1-1: Called Strike
1-2: Ground out 5-3 (Groundball, 5L, EV 89.4 MPH)
Chris Munguia scores
Ian Thompson to second
Batting: RHB Tony Crespo 0-0: Fly out, F5 (Line Drive, 5, EV 63.8 MPH)
Top of the 3rd over - 1 run, 1 hit, 0 errors, 1 left on base; Minnesota (NYP) 2 - Tri-City 2
BOTTOM OF THE 3RD
Tri-City ValleyCats batting - Pitching for Minnesota (NYP) Twins : RHP Felix Perez
Batting: LHB Bob Dietz 0-0: Called Strike
0-1: Ball
1-1: Ball
2-1: Swinging Strike
2-2: Ball
3-2: TRIPLE (Flyball, 78XD, EV 107.5 MPH)
Batting: RHB Chris McGrath 0-0: Foul Ball, location: 2F
0-1: Ball
1-1: Ball
2-1: Fly out, F9 (Flyball, 9S, EV 90.0 MPH)
Batting: RHB Masaru Konno 0-0: Ball
1-0: DOUBLE (Line Drive, 9LM, EV 97.5 MPH)
Bob Dietz scores
Batting: LHB Jackson Trottier 0-0: Called Strike
0-1: Hit by Pitch
Batting: RHB Workneh Lagat 0-0: Called Strike
0-1: Foul Ball, location: 2F
0-2: Foul Ball, location: 2F
0-2: SINGLE (Flyball, 78S, EV 98.8 MPH)
Masaru Konno to third
Jackson Trottier to second
Runner from 3rd tries for Home, SAFE, throw by LF to home
Batting: RHB Bobby Dunn 0-0: Ball
1-0: Foul Ball, location: 2F
1-1: Foul Ball, location: 2F
1-2: Strikes out swinging
Batting: RHB Mike Koch 0-0: Called Strike
0-1: Fielders Choice at 2nd, 5-4 (Groundball, 56, EV 107.5 MPH)
Bottom of the 3rd over - 2 runs, 3 hits, 0 errors, 2 left on base; Minnesota (NYP) 2 - Tri-City 4
TOP OF THE 4TH
Minnesota (NYP) Twins batting - Pitching for Tri-City ValleyCats : RHP Arsène Serre
Batting: LHB Seung-jun Chang 0-0: Ball
1-0: SINGLE (Groundball, 4MD, EV 108.8 MPH)
Batting: RHB Willie Jimenez 0-0: Called Strike
0-1: Ball
1-1: Swinging Strike
1-2: Strikes out swinging
Batting: SHB Donell Burney 0-0: Called Strike
0-1: Ball
Seung-jun Chang is caught stealing 2nd base 2-6
1-1: Foul Ball, location: 2F
1-2: Foul Ball, location: 2F
1-2: Strikes out looking
Top of the 4th over - 0 runs, 1 hit, 0 errors, 0 left on base; Minnesota (NYP) 2 - Tri-City 4
BOTTOM OF THE 4TH
Tri-City ValleyCats batting - Pitching for Minnesota (NYP) Twins : RHP Felix Perez
Batting: RHB Jorge Gutierrez 0-0: Called Strike
0-1: Fly out, F8 (Line Drive, 8RM, EV 91.9 MPH)
Batting: RHB Sam Spohn 0-0: Ball
1-0: Foul Ball, location: 2F
1-1: Fly out, F8 (Line Drive, 8LD, EV 87.5 MPH)
Batting: LHB Bob Dietz 0-0: Reached on error, E4 (Groundball, 4, EV 90.0 MPH)
Batting: RHB Chris McGrath 0-0: Ball
1-0: Fielders Choice at 2nd, 5-4 (Groundball, 56, EV 106.9 MPH)
Bottom of the 4th over - 0 runs, 0 hits, 1 error, 1 left on base; Minnesota (NYP) 2 - Tri-City 4
TOP OF THE 5TH
Minnesota (NYP) Twins batting - Pitching for Tri-City ValleyCats : RHP Arsène Serre
Batting: RHB Alex Loaiza 0-0: Called Strike
0-1: Called Strike
0-2: Fly out, F8 (Flyball, 8LM, EV 83.1 MPH)
Batting: LHB Chris Munguia 0-0: Ball
1-0: Ball
2-0: Ball
3-0: Called Strike
3-1: Called Strike
3-2: Base on Balls
Batting: RHB Sean Gould 0-0: Ball
Chris Munguia steals 2nd base
1-0: Swinging Strike
1-1: Swinging Strike
1-2: Reached on error, E6 (Groundball, 6, EV 93.1 MPH)
Chris Munguia to third
Batting: SHB Ian Thompson 0-0: Called Strike
0-1: Swinging Strike
0-2: Ball
1-2: Ball
2-2: Strikes out swinging
Batting: RHB Michael McDonald 0-0: Ball
1-0: Foul Ball, location: 2F
1-1: Ball
2-1: Foul Ball, location: 2F
2-2: Ball
3-2: Foul Ball, location: 2F
3-2: 3-RUN HOME RUN (Line Drive, 7D, EV 99.4 MPH), Distance : 360 ft
Batting: RHB Tony Crespo 0-0: Ball
1-0: Called Strike
1-1: Called Strike
1-2: Ball
2-2: Foul Ball, location: 2F
2-2: Ball
3-2: Base on Balls
Batting: LHB Seung-jun Chang 0-0: Ball
1-0: Foul Ball, location: 2F
1-1: Foul Ball, location: 2F
1-2: Ball
Wild Pitch!
Tony Crespo to second
2-2: Foul Ball, location: 2F
2-2: Ground out U3 (Groundball, 3, EV 97.5 MPH)
Top of the 5th over - 3 runs, 1 hit, 1 error, 1 left on base; Minnesota (NYP) 5 - Tri-City 4
BOTTOM OF THE 5TH
Tri-City ValleyCats batting - Pitching for Minnesota (NYP) Twins : RHP Felix Perez
Batting: RHB Masaru Konno 0-0: DOUBLE (Groundball, 5L, EV 100.0 MPH)
Batting: LHB Jackson Trottier 0-0: Ball
1-0: Called Strike
Masaru Konno steals 3rd base
1-1: Foul Ball, location: 2F
1-2: Strikes out swinging, 2-3 out at first.
Batting: RHB Workneh Lagat 0-0: Called Strike
0-1: Ball
1-1: Ball
2-1: Ball
3-1: Base on Balls
Batting: RHB Bobby Dunn 0-0: Called Strike
0-1: Foul Ball, location: 2F
0-2: Ball
1-2: Fly out, F9 (Flyball, 89M, EV 83.8 MPH)
Batting: RHB Mike Koch 0-0: Ball
1-0: Fielders Choice at 2nd, 6-4 (Groundball, 6, EV 91.9 MPH)
Bottom of the 5th over - 0 runs, 1 hit, 0 errors, 2 left on base; Minnesota (NYP) 5 - Tri-City 4
TOP OF THE 6TH
Minnesota (NYP) Twins batting - Pitching for Tri-City ValleyCats : RHP Arsène Serre
Batting: RHB Willie Jimenez 0-0: Ball
1-0: Called Strike
1-1: Reached via error on a dropped throw from 1B, E1 (Groundball, 34S, EV 86.9 MPH)
Batting: SHB Donell Burney 0-0: Ball
1-0: Ball
2-0: Foul Ball, location: 2F
2-1: Ball
3-1: SINGLE (Line Drive, 9S, EV 106.9 MPH)
Willie Jimenez to second
Batting: RHB Alex Loaiza 0-0: Ball
1-0: Ball
2-0: Called Strike
2-1: Ball
Wild Pitch!
Willie Jimenez to third
Donell Burney to second
3-1: Called Strike
3-2: Base on Balls
Pitching: LHP T.J. Westover
Batting: LHB Chris Munguia 0-0: Ball
1-0: Fly out, F8 (Flyball, 8LM, EV 94.4 MPH)
Batting: RHB Sean Gould 0-0: Ball
1-0: Ball
2-0: Ball
3-0: Called Strike
3-1: Called Strike
3-2: Base on Balls
Willie Jimenez scores
Donell Burney to third
Alex Loaiza to second
Batting: SHB Ian Thompson 0-0: Called Strike
0-1: Ball
1-1: Ball
2-1: DOUBLE (Line Drive, 7LS, EV 106.2 MPH)
Donell Burney scores
Alex Loaiza scores
Sean Gould to third
Batting: RHB Michael McDonald 0-0: Ball
1-0: Ball
2-0: Ball
3-0: Called Strike
3-1: Base on Balls
Batting: RHB Tony Crespo 0-0: Called Strike
0-1: Foul Ball, location: 2F
0-2: Ball
1-2: Ball
2-2: Fielders Choice at 3rd, U5 (Groundball, 5L, EV 80.0 MPH)
Sean Gould scores
Michael McDonald to second
Batting: LHB Seung-jun Chang 0-0: Ball
1-0: Ball
2-0: Ball
3-0: Called Strike
3-1: Called Strike
3-2: Base on Balls
Michael McDonald to third
Tony Crespo to second
Batting: RHB Willie Jimenez 0-0: Called Strike
0-1: Ball
1-1: Ball
2-1: Ground out 6-3 (Groundball, 6MD, EV 96.9 MPH)
Top of the 6th over - 4 runs, 2 hits, 1 error, 3 left on base; Minnesota (NYP) 9 - Tri-City 4
BOTTOM OF THE 6TH
Tri-City ValleyCats batting - Pitching for Minnesota (NYP) Twins : RHP Felix Perez
Batting: RHB Jorge Gutierrez 0-0: Foul Ball, location: 2F
0-1: Ground out 5-3 (Groundball, 56, EV 96.9 MPH)
Batting: RHB Sam Spohn 0-0: Ball
1-0: Foul Ball, location: 2F
1-1: Fly out, F7 (Flyball, 7D, EV 103.1 MPH)
Batting: LHB Bob Dietz 0-0: Swinging Strike
0-1: Ball
1-1: Ball
2-1: Ball
3-1: Fly out, F6 (Line Drive, 6, EV 61.2 MPH)
Bottom of the 6th over - 0 runs, 0 hits, 0 errors, 0 left on base; Minnesota (NYP) 9 - Tri-City 4
TOP OF THE 7TH
Minnesota (NYP) Twins batting - Pitching for Tri-City ValleyCats : LHP T.J. Westover
Batting: SHB Donell Burney 0-0: Ground out U3 (Groundball, 34, EV 80.6 MPH)
Batting: RHB Alex Loaiza 0-0: Called Strike
0-1: Foul Ball, location: 2F
0-2: Foul Ball, location: 2F
0-2: Ball
1-2: Foul Ball, location: 2F
1-2: Strikes out swinging
Batting: LHB Chris Munguia 0-0: Called Strike
0-1: Ball
1-1: Foul Ball, location: 2F
1-2: Foul Ball, location: 2F
1-2: Ball
2-2: DOUBLE (Line Drive, 9LM, EV 101.9 MPH)
Batting: RHB Sean Gould 0-0: Called Strike
0-1: SINGLE (Line Drive, 5L, EV 100.0 MPH)
Chris Munguia to third
Runner from 3rd tries for Home, SAFE, throw by LF to home
Batting: SHB Ian Thompson 0-0: Ball
Wild Pitch!
Sean Gould to second
1-0: Swinging Strike
1-1: Ball
2-1: Called Strike
2-2: Ball
3-2: Foul Ball, location: 2F
3-2: Base on Balls
Batting: RHB Michael McDonald 0-0: Ball
1-0: Ball
2-0: 3-RUN HOME RUN (Flyball, 7LD, EV 94.4 MPH), Distance : 355 ft
Batting: RHB Tony Crespo 0-0: Ball
1-0: Swinging Strike
1-1: Swinging Strike
1-2: TRIPLE (Line Drive, 9D, EV 111.9 MPH)
Pitching: RHP Jon Davis
Batting: LHB Seung-jun Chang 0-0: Ball
Passed Ball!
Tony Crespo scores
1-0: Ball
2-0: Called Strike
2-1: Foul Ball, location: 2F
2-2: Foul Ball, location: 2F
2-2: Ball
3-2: Base on Balls
Batting: RHB Willie Jimenez 0-0: Called Strike
0-1: Ball
1-1: Called Strike
1-2: Foul Ball, location: 2F
1-2: Ball
2-2: Foul Ball, location: 2F
2-2: Strikes out swinging
Top of the 7th over - 5 runs, 4 hits, 0 errors, 1 left on base; Minnesota (NYP) 14 - Tri-City 4
BOTTOM OF THE 7TH
Tri-City ValleyCats batting - Pitching for Minnesota (NYP) Twins : RHP Felix Perez
Batting: RHB Chris McGrath 0-0: Ball
1-0: Called Strike
1-1: Ground out 4-3 (Groundball, 4, EV 104.4 MPH)
Batting: RHB Masaru Konno 0-0: Ball
1-0: Hit by Pitch
Batting: LHB Jackson Trottier 0-0: Called Strike
Masaru Konno steals 2nd base
0-1: Ball
1-1: Ball
2-1: Ball
3-1: Ground out 5-3 (Groundball, 56, EV 82.5 MPH)
Pitching: RHP Jim Ahlers
Batting: RHB Workneh Lagat 0-0: Ball
1-0: TRIPLE (Line Drive, 78XD, EV 101.9 MPH)
Masaru Konno scores
Batting: RHB Bobby Dunn 0-0: Called Strike
0-1: Ball
1-1: Fly out, F8 (Line Drive, 8LM, EV 109.4 MPH)
Bottom of the 7th over - 1 run, 1 hit, 0 errors, 1 left on base; Minnesota (NYP) 14 - Tri-City 5
TOP OF THE 8TH
Minnesota (NYP) Twins batting - Pitching for Tri-City ValleyCats : RHP Jon Davis
Batting: SHB Donell Burney 0-0: Ball
1-0: Foul Ball, location: 2F
1-1: Ground out 4-3 (Groundball, 4, EV 85.6 MPH)
Batting: RHB Alex Loaiza 0-0: Ball
1-0: Hit by Pitch
Batting: LHB Chris Munguia 0-0: Foul Ball, location: 2F
0-1: Ball
1-1: Ball
2-1: Swinging Strike
2-2: Foul Ball, location: 2F
2-2: Strikes out swinging
Batting: RHB Sean Gould 0-0: Ball
1-0: Called Strike
1-1: Ball
2-1: Swinging Strike
2-2: Foul Ball, location: 2F
2-2: Fly out, F6 (Popup, 6M, EV 58.1 MPH)
Top of the 8th over - 0 runs, 0 hits, 0 errors, 1 left on base; Minnesota (NYP) 14 - Tri-City 5
BOTTOM OF THE 8TH
Tri-City ValleyCats batting - Pitching for Minnesota (NYP) Twins : RHP Jim Ahlers
Batting: RHB Mike Koch 0-0: Called Strike
0-1: Ball
1-1: Ball
2-1: Called Strike
2-2: Ground out 5-3 (Groundball, 56S, EV 85.0 MPH)
Batting: RHB Jorge Gutierrez 0-0: Called Strike
0-1: Foul Ball, location: 2F
0-2: Foul Ball, location: 2F
0-2: Ball
1-2: Strikes out looking
Batting: RHB Sam Spohn 0-0: Ball
1-0: Ball
2-0: Ball
3-0: Base on Balls
Batting: LHB Bob Dietz 0-0: Ball
1-0: Foul Ball, location: 2F
1-1: Ball
2-1: Reached on error, E6 (Groundball, 6, EV 92.5 MPH)
Sam Spohn to second
Batting: RHB Chris McGrath 0-0: Ball
1-0: Ground out 6-3 (Groundball, P, EV 83.8 MPH)
Bottom of the 8th over - 0 runs, 0 hits, 1 error, 2 left on base; Minnesota (NYP) 14 - Tri-City 5
TOP OF THE 9TH
Minnesota (NYP) Twins batting - Pitching for Tri-City ValleyCats : RHP Jon Davis
Batting: SHB Ian Thompson 0-0: Ball
1-0: Called Strike
1-1: Ball
2-1: Foul Ball, location: 2F
2-2: Ball
3-2: Ground out 1-3 (Groundball, 13, EV 70.6 MPH)
Pinch Hitting: RHB Mario Salazar 0-0: Foul Ball, location: 2F
0-1: Ball
1-1: Foul Ball, location: 2F
1-2: Strikes out swinging
Batting: RHB Tony Crespo 0-0: Ground out 6-3 (Groundball, 56D, EV 105.0 MPH)
Top of the 9th over - 0 runs, 0 hits, 0 errors, 0 left on base; Minnesota (NYP) 14 - Tri-City 5
BOTTOM OF THE 9TH
Tri-City ValleyCats batting - Pitching for Minnesota (NYP) Twins : RHP Jim Ahlers
Now at C: Mario Salazar
Batting: RHB Masaru Konno 0-0: Ground out 6-3 (Groundball, 6, EV 106.2 MPH)
Batting: LHB Jackson Trottier 0-0: Called Strike
0-1: Ground out U3 (Groundball, 3, EV 83.1 MPH)
Batting: RHB Workneh Lagat 0-0: Ball
1-0: DOUBLE (Groundball, 3L, EV 105.6 MPH)
Batting: RHB Bobby Dunn 0-0: Ball
1-0: Fly out, F8 (Flyball, 8LD, EV 99.4 MPH)
Bottom of the 9th over - 0 runs, 1 hit, 0 errors, 1 left on base; Minnesota (NYP) 14 - Tri-City 5
Wednesday, June 22nd , 2022 - OOTP Baseball 23.4 Build 64